 Dungeon Crawl Stone Soup version 0.23.1-38-g628c18f423 (webtiles) character file.

Game seed: 16341871214721169998

40 Marnok the Twirler (level 3, -3/27 HPs)
             Began as a Demonspawn Gladiator on Mar 28, 2019.
             Slain by a gnoll
             ... wielding a +0 spear
              (4 damage)
             ... on level 2 of the Dungeon.
             The game lasted 00:04:25 (1005 turns).

Marnok the Twirler (Demonspawn Gladiator)           Turns: 1005, Time: 00:04:26

Health: -3/27      AC:  4    Str: 14    XL:     3   Next: 30%
Magic:  3/3        EV: 13    Int:  9    God:
Gold:   16         SH:  0    Dex: 18    Spells: 2/2 levels left

rFire    . . .     SeeInvis +   a - +0 quarterstaff
rCold    . . .     Gourm    .   (shield currently unavailable)
rNeg     . . .     Faith    .   b - +0 leather armour
rPois    .         Spirit   .   c - +0 helmet
rElec    .         Reflect  .   (no cloak)
rCorr    .         Harm     .   (no gloves)
MR       .....                  (no boots)
Stlth    +.........             (no amulet)
HPRegen  0.09/turn              j - +3 ring of dexterity
MPRegen  0.08/turn              n - ring of see invisible

@: no status effects
A: hooves 1
a: no special abilities


You were on level 2 of the Dungeon.
You were not hungry.

You visited 1 branch of the dungeon, and saw 3 of its levels.

You collected 16 gold pieces.

Inventory:

Hand Weapons
 a - a +0 quarterstaff (weapon)
Missiles
 d - 3 throwing nets
 k - 5 tomahawks of returning (quivered)
Armour
 b - a +0 leather armour (worn)
 c - a +0 helmet (worn)
Jewellery
 j - a +3 ring of dexterity (left hand)
 n - a ring of see invisible (right hand)
Scrolls
 g - a scroll of identify {unknown}
 i - a scroll of fog {unknown}
 l - 2 scrolls of amnesia {unknown}
 o - a scroll of magic mapping {unknown}
Potions
 e - a potion of agility {unknown}
 h - a potion of heal wounds {unknown}
 p - a potion of curing {unknown}
Comestibles
 f - a ration
 m - 2 chunks of flesh


   Skills:
 + Level 2.2 Fighting
 + Level 3.4 Staves
 + Level 1.9 Throwing
 + Level 0.4 Armour
 + Level 3.0 Dodging


You had 2 spell levels left.
You didn't know any spells.
Your spell library was empty.

Dungeon Overview and Level Annotations

Branches:
Dungeon (3/15)

Altars:


Innate Abilities, Weirdness & Mutations

You have large cloven feet.


Message History

The jackal bites you but does no damage.
The gnoll barely misses you.
You closely miss the jackal.
The gnoll shouts!
Your kick misses the jackal. The jackal completely misses you.
The gnoll barely misses you.
You sock the jackal!
You kill the jackal!
The gnoll barely misses you. The gnoll hits you with a +0 spear.
You hit the gnoll but do no damage. You kick the gnoll, but do no damage.
The gnoll hits you with a +0 spear. The gnoll hits you with a +0 halberd.
A rat comes into view.
You hit the gnoll.
The gnoll is lightly wounded.
The gnoll barely misses you. The gnoll closely misses you.
The gnoll hits you with a +0 spear!
* * * LOW HITPOINT WARNING * * *
The gnoll barely misses you.
The gnoll hits you from afar with a +0 spear.
You die...

#.... #.............#.
#....### #.###.#.........
.##......# #.# #......(...#
.....#.#.###.# #..#####...#
.......†.....###..#####...#
.$.##>....................
#........................
####.#r########.#########
.......g.@.........
#####.#g########.### #.#..
.# #.### .# g. .#


You could see 2 gnolls and a rat.

Vanquished Creatures
  A worm (D:2)
  2 leopard geckos (D:1)
  A giant cockroach (D:1)
  3 goblins
  5 hobgoblins (D:1)
  8 jackals
  3 bats (D:1)
  2 frilled lizards
  A kobold (D:1)
  7 rats
33 creatures vanquished.

Notes
Turn   | Place    | Note
-------+----------+-------------------------------------------
     0 | D:1      | Marnok the Demonspawn Gladiator began the quest for the
                  | Orb.
     0 | D:1      | Reached XP level 1. HP: 16/16 MP: 1/1
   154 | D:1      | Gained mutation: You have large cloven feet. [demonic
                  | ancestry]
   154 | D:1      | Reached XP level 2. HP: 22/22 MP: 2/2
   583 | D:2      | Reached XP level 3. HP: 13/27 MP: 3/3
  1004 | D:2      | HP: 1/27 [gnoll/+0 spear (8)]
  1005 | D:2      | Slain by a gnoll

Skill      XL: |  1  2  3 |
---------------+----------+-----
Staves         | 3 |  3.4
Dodging        | 3 |  3.0
Fighting       | |  2.2
Throwing       | |  1.9
Armour         | |  0.4

Action                   || total
-------------------------++-------
Melee: Quarterstaff      ||    87
       Kick              ||    18
Armor: Leather armour    ||    18
Dodge: Dodged            ||    62
